 Dungeon Crawl Stone Soup version 0.28-b1-25-g9875b3fc8c (webtiles) character file.

Game seed: 8051957553015724762

258 sanka the Magician (level 5, -1/28 HPs)
             Began as a Deep Elf Transmuter on Feb 8, 2022.
             Was a Believer of Vehumet.
             Slain by a wraith (12 damage)
             ... in an ossuary.
             The game lasted 00:10:03 (3444 turns).

sanka the Magician (Deep Elf Transmuter)            Turns: 3444, Time: 00:10:05

Health: -1/28      AC:  5    Str:  7    XL:     5   Next: 94%
Magic:  6/15       EV: 12    Int: 20    God:    Vehumet [**....]
Gold:   124        SH:  0    Dex: 15    Spells: 11/16 levels left

rFire   . . .      SeeInvis .     - Unarmed
rCold   . . .      Faith    .   (no shield)
rNeg    . . .      Spirit   .   h - +0 troll leather armour
rPois   .          Reflect  .   (no helmet)
rElec   .          Harm     .   o - +0 cloak
rCorr   .          Rampage  .   (no gloves)
Will    .....                   (no boots)
Stlth   +.........              (no amulet)
HPRegen 0.89/turn               (no ring)
MPRegen 0.14/turn               (no ring)

@: slowed, very slow
A: no striking features
a: Renounce Religion


You were in an ossuary.
You worshipped Vehumet.
Vehumet was pleased with you.
You visited 1 branch of the dungeon, and saw 4 of its levels.
You also visited: Ossuary.

You collected 124 gold pieces.

Inventory:

Missiles
 i - 64 stones
Armour
 a - a +0 robe
 h - a +0 troll leather armour (worn)
 o - a +0 cloak (worn)
Jewellery
 f - a ring of wizardry
 p - a +6 ring of strength
Scrolls
 b - a scroll of summoning {unknown}
 c - a scroll of teleportation {unknown}
 g - 4 scrolls of identify {unknown}
 j - a scroll of fog {unknown}
 l - a scroll of holy word {unknown}
 m - a scroll of immolation {unknown}
 n - a scroll of amnesia {unknown}
 r - a scroll of enchant armour {unknown}
Potions
 d - a potion of lignification {unknown}
 e - 4 potions of mutation {unknown}
 k - 5 potions of curing {unknown}
 q - a potion of haste {unknown}
 s - a potion of cancellation {unknown}


   Skills:
 - Level 0.7 Fighting
 - Level 2.4 Dodging
 - Level 2.4 Unarmed Combat
 + Level 6.3 Spellcasting
 - Level 2.0 Conjurations
 - Level 2.1 Transmutations
 - Level 2.0 Fire Magic
 + Level 2.8 Earth Magic


You had 11 spell levels left.
You knew the following spells:

 Your Spells              Type           Power      Damage    Failure   Level
a - Beastly Appendage     Tmut           30%        N/A       6%          1
b - Sandblast             Erth           34%        2d9       4%          1
c - Poisonous Vapours     Pois/Air       12%        N/A       22%         2
d - Foxfire               Conj/Fire      56%        2x1d6     7%          1

Your spell library contained the following spells:

 Spells                   Type           Power      Damage    Failure   Level
 Static Discharge         Conj/Air       10%        N/A       16%         2
 Wereblood                Tmut           15%        N/A       10%         2
 Apportation              Tloc           12%        N/A       16%         1
 Corpse Rot               Necr/Air       12%        N/A       22%         2
 Spider Form              Tmut/Pois      10%        N/A       28%         3
 Ice Form                 Ice/Tmut       10%        N/A       67%         4
 Blade Hands              Tmut           7%         N/A       86%         5
 Alistair's Intoxication  Tmut/Pois      6%         N/A       95%         5
 Necromutation            Tmut/Necr      5%         N/A       100%        8


Dungeon Overview and Level Annotations

Branches:
Dungeon (4/15)            Ossuary (1/1)
 Temple: D:4-7

Altars:
Vehumet


Message History

The wraith is moderately damaged.
You conjure some foxfire!
The foxfire hits the wraith but does no damage.
The wraith is moderately damaged.
The foxfire hits the wraith but does no damage.
The wraith is moderately damaged.
You conjure some foxfire!
The foxfire hits the wraith but does no damage.
The wraith is moderately damaged.
The foxfire hits the wraith but does no damage.
The wraith is moderately damaged.
The foxfire hits the wraith but does no damage.
The wraith is moderately damaged.
The blast of sand hits the wraith but does no damage.
The wraith is moderately damaged.
The foxfire hits the wraith.
The wraith is heavily damaged.
The foxfire hits the wraith.
The wraith is heavily damaged.
The blast of sand hits the wraith but does no damage.
The wraith is heavily damaged.
The wraith misses you.
The blast of sand hits the wraith but does no damage.
The wraith is heavily damaged.
The wraith hits you! The wraith drains your vigour!
You feel yourself slow down.
The blast of sand hits the wraith but does no damage.
The wraith is heavily damaged.
The wraith hits you! The wraith drains your vigour!
You feel as though you will be slow longer.
You are too injured to fight recklessly!
Casting: Sandblast (safe; 4% risk of failure)
Confirm with . or Enter, or press ? or * to list all spells.
Aiming: Sandblast (safe; 4% risk of failure)
Press: ? - help, Shift-Dir - straight line, f/p - wraith
Aim: a wraith (heavily damaged, 79% to hit)
The blast of sand hits the wraith but does no damage.
The wraith is heavily damaged.
The wraith hits you!
You die...

#### ...## ##
.#####...## . ##.
##...##...## ..#...
#.!??.##...# .'...
.?!!?!.#...+
#...##.!??.##.@.#
#...##...##.W.## .
#...#####...## ..
... #...v.....##....
....#####'#####.....
....................
....................
########'''#########
####...####


You could see a wraith.

Vanquished Creatures
  2 hounds
  An orc priest (D:4)
  An orc wizard (D:4)
  A mummy (Ossuary)
  5 adders
  A dart slug (D:2)
  6 orcs
  7 ball pythons
  5 endoplasms
  3 giant cockroaches
  5 goblins
  5 hobgoblins
  4 kobolds
  5 quokkas
  10 bats
  4 frilled lizards (D:1)
  A gnoll skeleton (Ossuary)
  2 kobold skeletons (Ossuary)
  8 orc skeletons (Ossuary)
  4 rats
80 creatures vanquished.

Vanquished Creatures (others)
  151 foxfires
151 creatures vanquished.

Grand Total: 231 creatures vanquished

Notes
Turn   | Place    | Note
-------+----------+-------------------------------------------
     0 | D:1      | sanka the Deep Elf Transmuter began the quest for the Orb.
     0 | D:1      | Reached XP level 1. HP: 11/11 MP: 6/6
   290 | D:1      | Got Sif Muna's Catalogue of Transmigration
   364 | D:1      | Reached skill level 4 in Spellcasting
   364 | D:1      | Reached XP level 2. HP: 16/16 MP: 9/9
   539 | D:1      | Found a faded altar of an unknown god.
  1275 | D:1      | Prayed at the altar of an unknown god.
  1275 | D:1      | Became a worshipper of Vehumet
  1275 | D:1      | Reached * piety under Vehumet
  1275 | D:1      | Offered knowledge of Sandblast by Vehumet.
  1336 | D:1      | Learned a level 1 spell: Sandblast
  1483 | D:2      | Reached skill level 1 in Earth Magic
  1483 | D:2      | Reached XP level 3. HP: 20/20 MP: 7/11
  1578 | D:2      | Learned a level 2 spell: Poisonous Vapours
  1808 | D:2      | Reached skill level 5 in Spellcasting
  2200 | D:3      | Reached ** piety under Vehumet
  2200 | D:3      | Offered knowledge of Foxfire by Vehumet.
  2213 | D:3      | Learned a level 1 spell: Foxfire
  2235 | D:3      | Reached XP level 4. HP: 24/24 MP: 13/13
  2815 | D:3      | Reached skill level 1 in Conjurations
  2815 | D:3      | Reached skill level 1 in Fire Magic
  2926 | D:4      | Reached XP level 5. HP: 28/28 MP: 8/15
  2960 | D:4      | Reached skill level 6 in Spellcasting
  3089 | D:4      | Found a sand-covered staircase.
  3113 | Ossuary  | Entered an ossuary
  3113 | Ossuary  | Noticed a wraith
  3113 | Ossuary  | Noticed a wraith
  3113 | Ossuary  | Noticed a wraith
  3187 | Ossuary  | Offered knowledge of Static Discharge by Vehumet.
  3423 | Ossuary  | Noticed a wraith
  3444 | Ossuary  | Slain by a wraith

Illustrated notes

Levels and vault maps discovered:
D:1:      lemuel_arrival_cross, layout_loops_ring, basic_ecumenical_altar,
          minmay_strange_pillars, nicolae_concentric_dashed_squares_wild,
          serial_bayou_pond_c
D:2:      layout_rooms, grunt_ministairs_5
D:3:      layout_rooms, minmay_misc_feat_tower, kennysheep_generic_room_11
D:4:      layout_rooms, enter_ossuary_5, uniq_grinder
Ossuary:  ossuary_due_mausoleum

Skill      XL: |  1  2  3  4  5 |
---------------+----------------+-----
Spellcasting   | 4 5 6 |  6.3
Earth Magic    | 1 2 |  2.8
Conjurations   | 1 2 |  2.0
Fire Magic     | 1 2 |  2.0
Fighting       | |  0.7
Dodging        | |  2.4
Unarmed Combat | |  2.4
Transmutations | |  2.1

Action                   |  1- 3 |  4- 6 || total
-------------------------+-------+-------++-------
Melee: Unarmed           |   106 |     9 ||   115
       Kick              |    27 |     1 ||    28
       Headbutt          |     9 |       ||     9
       Punch             |     1 |       ||     1
 Cast: Beastly Appendage |    35 |       ||    35
       Sandblast         |     4 |     9 ||    13
       Foxfire           |       |    90 ||    90
 Stab: Sleeping          |     2 |       ||     2
Armor: Robe              |     6 |       ||     6
       Troll leather arm |    22 |    14 ||    36
Dodge: Dodged            |    55 |    26 ||    81
